 Dungeon Crawl Stone Soup version 0.19.1 (webtiles) character file.

641 JeffiDaFish the Cudgeler (level 7, -1/44 HPs)
             Began as a Gargoyle Fighter on Dec 7, 2016.
             Was an Initiate of Makhleb.
             Killed by divine providence
             ... invoked by an orc priest
              (12 damage)
             ... on level 5 of the Dungeon.
             The game lasted 00:06:49 (3053 turns).

JeffiDaFish the Cudgeler (Gargoyle Fighter)         Turns: 3053, Time: 00:06:50

Health: -1/44      AC: 16    Str: 19    XL:     7   Next: 51%
Magic:  7/7        EV: 13    Int:  9    God:    Makhleb [......]
Gold:   263        SH: 11    Dex: 18    Spells: 0 memorised, 6 levels left

rFire  . . .     SeeInvis .     a - +1 flail
rCold  . . .     Gourm    .     b - +0 scale mail
rNeg   + . .     Faith    .     c - +1 shield
rPois  ∞         Spirit   .     h - +2 hat
rElec  +         Reflect  .     u - +0 cloak
rCorr  .         Harm     .     (no gloves)
MR     .....     Rnd*Rage +     l - +0 pair of boots
Stlth  +++.......               (no amulet)
                                (no ring)
                                v - ring of stealth

@: agile
A: thin skeletal structure 1, berserk 1, negative energy resistance 1,
electricity resistance, unbreathing, petrification resistance, rot immunity,
subdued magic 1, AC +4
a: Renounce Religion


You were on level 5 of the Dungeon.
You worshipped Makhleb.
Makhleb was noncommittal.
You were not hungry.

You visited 2 branches of the dungeon, and saw 6 of its levels.

You collected 263 gold pieces.

Inventory:

Hand Weapons
 a - a +1 flail (weapon)
Armour
 b - a +0 scale mail (worn)
 c - a +1 shield (worn)
 h - a +2 hat (worn)
 l - a +0 pair of boots (worn)
 u - a +0 cloak (worn)
Jewellery
 v - a ring of stealth (left hand)
Scrolls
 i - a scroll of fog
 m - a scroll of fear
 o - a scroll of blinking
 t - 2 scrolls of magic mapping
Potions
 d - a potion of might
 e - 4 potions of curing
 k - 2 potions of flight
 n - a potion of haste
Comestibles
 f - 5 bread rations
 g - 4 meat rations
 j - 3 slices of pizza
 p - a beef jerky
 q - a royal jelly
 r - 6 fruits


   Skills:
 + Level 4.7 Fighting
 + Level 5.3 Maces & Flails
 + Level 4.5 Armour
 + Level 1.7 Dodging
 + Level 5.1 Shields


You had 6 spell levels left.
You didn't know any spells.

Dungeon Overview and Level Annotations

Branches:
Dungeon (5/15)             Temple (1/1) D:4

Altars:
Ashenzari
Cheibriados
Dithmenos
Makhleb
Nemelex Xobeh
Xom

Shops:
D:5 *


Innate Abilities, Weirdness & Mutations

You are resistant to torment.
Your stone body is resilient. (AC +4)
You are immune to poison.
You resist negative energy. (rN+)
You are resistant to electric shocks. (rElec)
You can survive without breathing.
You are immune to petrification.
You are immune to rotting.
You have a somewhat thin skeletal structure. (Dex +2, Stealth)
You tend to lose your temper in combat.
Your spells are a little easier to cast, but a little less powerful.


Message History

You hit the orc priest.
The orc priest is lightly wounded.
You block the orc's attack. The orc priest barely misses you.
The orc priest calls down the wrath of Beogh upon you.
Beogh smites you!
* * * LOW HITPOINT WARNING * * *
You feel better. The orc hits you but does no damage.
The orc priest barely misses you.
The orc priest hits you but does no damage.
You barely miss the orc priest. The orc misses you.
The orc priest casts a cantrip, but nothing happens.
The orc priest hits you.
* * * LOW HITPOINT WARNING * * *
The orc barely misses you.
You barely miss the orc priest. You block the orc priest's attack.
The orc priest hits you but does no damage.
You block the orc's attack. The orc priest closely misses you.
The orc priest calls down the wrath of Beogh upon you.
Beogh smites you!
You die...

#.####......# #.#
#####.## #####.##
#.# #......# #+##
#.###..# #...##
##..# #.....# ##...#
##.......
##.#....###.o......
.....<.....'@o......
##.......##..o......
#..#..#.##.?###....
#.......##..#∩' ..#
#.#..##.###.###.. #
..... ..# #### #
#.... ..# ###. .##


You could see 2 orc priests and an orc.

Vanquished Creatures
  An ice beast (D:4)
  An ogre (D:4)
  A scorpion (D:4)
  A crimson imp (D:5)
  A bullfrog skeleton (D:4)
  2 orc priests
  An orc wizard (D:3)
  A centaur skeleton (D:4)
  A worker ant (D:4)
  A hound skeleton (D:5)
  4 gnolls (D:3)
  A howler monkey skeleton (D:4)
  6 adders
  An ooze (D:3)
  2 worms
  2 dart slugs
  4 leopard geckos
  9 orcs
  9 giant cockroaches
  2 goblins
  5 hobgoblins
  10 jackals
  2 quokkas (D:2)
  A ball python (D:2)
  8 bats
  2 frilled lizards (D:1)
  8 kobolds
  8 rats
95 creatures vanquished.

Notes
Turn   | Place    | Note
-------+----------+-------------------------------------------
     0 | D:1      | JeffiDaFish the Gargoyle Fighter began the quest for the Orb.
     0 | D:1      | Reached XP level 1. HP: 14/14 MP: 1/1
   127 | D:1      | Reached XP level 2. HP: 17/19 MP: 2/2
   633 | D:2      | Reached XP level 3. HP: 23/24 MP: 3/3
  1002 | D:2      | Gained mutation: You tend to lose your temper in combat. [potion of mutation]
  1002 | D:2      | Gained mutation: You have a somewhat thin skeletal structure. (Dex +2, Stealth) [potion of mutation]
  1002 | D:2      | Gained mutation: Your spells are a little easier to cast, but a little less powerful. [potion of mutation]
  1024 | D:2      | Reached XP level 4. HP: 28/29 MP: 4/4
  1592 | D:3      | Reached XP level 5. HP: 29/33 MP: 5/5
  1792 | D:3      | Reached skill level 1 in Dodging
  2113 | D:4      | Noticed an ice beast
  2131 | D:4      | Killed an ice beast
  2131 | D:4      | Reached XP level 6. HP: 29/39 MP: 6/6
  2387 | D:4      | Found a sparkling altar of Nemelex Xobeh.
  2540 | D:4      | Reached skill level 5 in Maces & Flails
  2540 | D:4      | Reached XP level 7. HP: 37/44 MP: 7/7
  2585 | D:4      | Reached skill level 5 in Shields
  2615 | D:4      | Found a staircase to the Ecumenical Temple.
  2625 | Temple   | Entered the Ecumenical Temple
  2643 | Temple   | Became a worshipper of Makhleb the Destroyer
  2804 | D:5      | Entered Level 5 of the Dungeon
  3038 | D:5      | Found Teaneecw's General Store.
  3053 | D:5      | Killed from afar by an orc priest

Skill      XL: |  1  2  3  4  5  6  7 |
---------------+----------------------+-----
Maces & Flails | 3 4 5 |  5.3
Fighting       | 4 |  4.7
Shields        | 4 5 |  5.1
Dodging        | 1 |  1.7
Armour         | 4 |  4.5

Action                   |  1- 3 |  4- 6 |  7- 9 || total
-------------------------+-------+-------+-------++-------
Melee: Flail             |   138 |   214 |    57 ||   409
  Use: Potion            |     8 |     1 |     2 ||    11
       Scroll            |     5 |     6 |     1 ||    12
  Eat: Chunk             |     1 |     5 |     2 ||     8
Armor: Scale mail        |    97 |   166 |    22 ||   285
Dodge: Dodged            |    55 |    81 |    17 ||   153
Block: Shield            |    64 |   142 |    27 ||   233
